 Dungeon Crawl Stone Soup version 0.30.0-3-ga4e48a9924 (webtiles) character file.

Game seed: 4589132969709842321

721 meatpath the Trooper (level 7, -6/46 HPs)
             Began as a Gargoyle Fighter on May 7, 2023.
             Splashed by a jelly's acid (8 damage)
             ... on level 5 of the Dungeon.
             The game lasted 00:11:10 (4305 turns).

meatpath the Trooper (Gargoyle Fighter)             Turns: 4305, Time: 00:11:10

Health: -6/46      AC:  8    Str: 21    XL:     7   Next: 70%
Magic:  7/7        EV:  9    Int: 15    God:
Gold:   98         SH:  4    Dex:  9    Spells: 6/6 levels left

rFire   . . .        a - +0 flail
rCold   . . .        c - +0 buckler
rNeg    + . .        b - +0 scale mail
rPois   ∞            (no helmet)
rElec   +            (no cloak)
rCorr   .            (no gloves)
SInv    .            (no boots)
Will    .....        w - amulet of faith Stlth
                     i - +6 ring of intelligence
HPRegen 0.27/turn    (no ring)
MPRegen 0.10/turn

%: faith
@: brilliant, corroded
A: sickness immunity, AC +4, negative energy resistance 1, electricity
resistance, torment resistance 1, petrification resistance
a: no special abilities


You were on level 5 of the Dungeon.
You visited 1 branch of the dungeon, and saw 5 of its levels.

You collected 213 gold pieces.
You spent 115 gold pieces at shops.

Inventory:

Hand Weapons
 a - a +0 flail (weapon)
 y - a +1 hand axe of venom
 A - a +4 great mace of distortion
Missiles
 o - a throwing net (quivered)
Armour
 b - a +0 scale mail (worn)
 c - a +0 buckler (worn)
Jewellery
 i - a +6 ring of intelligence (left hand)
 w - an amulet of faith (around neck)
Scrolls
 e - a scroll of amnesia
 h - a scroll of noise
 l - a scroll of poison
 n - a scroll of immolation
 p - 3 scrolls of teleportation {unknown}
 q - a scroll of brand weapon {unknown}
 s - 3 scrolls of magic mapping {unknown}
 z - a scroll of fear {unknown}
Potions
 d - 2 potions of mutation
 f - a potion of brilliance
 g - 2 potions of ambrosia {unknown}
 j - 2 potions of lignification {unknown}
 k - a potion of heal wounds {unknown}
 m - a potion of flight {unknown}
 r - a potion of magic {unknown}
 t - a potion of curing {unknown}
 u - a potion of cancellation {unknown}
 v - a potion of resistance {unknown}
 x - a potion of haste {unknown}


   Skills:
 + Level 6.1 Fighting
 + Level 5.1 Maces & Flails
 + Level 4.7 Armour
 - Level 5.1 Shields


You had 6 spell levels left.
You didn't know any spells.
Your spell library contained the following spells:

 Spells                   Type           Power      Damage    Failure   Level
 Blade Hands              Tmut           0%         N/A       100%        5
 Irradiate                Conj/Tmut      0%         3d11      100%        5
 Dragon Form              Tmut           0%         N/A       100%        7


Dungeon Overview and Level Annotations

Branches:
Dungeon (5/15)
 Temple: D:4-7

Altars:
Ashenzari
Elyvilon
Ru
Uskayaw
Vehumet
Wu Jian
Xom

Shops:
D:2 *

Annotations:
D:4 4 runed translucent doors


Innate Abilities, Weirdness & Mutations

You are immune to sickness and miasma.
Your stone body is resilient. (AC +4)
You are immune to poison.
You resist negative energy. (rN+)
You are resistant to electric shocks. (rElec)
You are resistant to unholy torment.
You are immune to petrification.


Message History

The jelly hits you but does no damage. The phantom barely misses you.
You miss the phantom.
The phantom is lightly damaged.
The jelly jiggles.
The jelly hits you but does no damage. The jelly barely misses you.
The phantom barely misses you.
You can't see any enemies this would affect, really read the scroll of poison?
Okay, then.
You barely miss the phantom.
The phantom is lightly damaged.
You block the jelly's attack. The jelly hits you but does no damage.
The phantom hits you but does no damage.
You sock the phantom!
The phantom is heavily damaged.
The jelly barely misses you.
The phantom hits you but does no damage.
The jelly hits you. The acid corrodes you!
You are splashed with acid!
The jelly misses you.
The phantom hits you but does no damage.
The jelly hits you but does no damage.
It was a potion of brilliance.
You feel clever all of a sudden. The jelly hits you but does no damage.
The jelly hits you.
You are splashed with acid!
* * * LOW HITPOINT WARNING * * *
The phantom hits you.
* * * LOW HITPOINT WARNING * * *
You sock the phantom!
The phantom is severely damaged.
You block the jelly's attack. The jelly hits you but does no damage.
The phantom closely misses you.
You closely miss the phantom.
The phantom is severely damaged.
The jelly hits you but does no damage. x2; The phantom closely misses you.
You hit the phantom but do no damage.
The phantom is severely damaged.
The jelly hits you.
* * * LOW HITPOINT WARNING * * *
You are splashed with acid!
You die...

...........#
..........s##
............###
..........#...##
..........###..###
..........# ##...#
..........# ###.#
..........# #W#
##....##### #@#
#.<..# #.J.J......
#....# #.####.#.#.
##+### #. .. # ..+
.# #


You could see a phantom and 2 jellies.

Vanquished Creatures
  A black bear (D:4)
  An ice beast (D:3)
  2 scorpions
  A howler monkey (D:5)
  2 hounds
  2 jellies
  An orc priest (D:3)
  An orc wizard (D:4)
  Natasha (thrice) (D:2)
  3 adders
  4 worms
  3 dart slugs
  10 orcs
  6 bats
  6 endoplasms
  3 giant cockroaches
  9 goblins
  7 hobgoblins
  2 jackals (D:3)
  7 kobolds
  4 quokkas
  9 ball pythons
  4 frilled lizards
  9 rats
100 creatures vanquished.

Vanquished Creatures (others)
  8 plants (D:4)
8 creatures vanquished.

Grand Total: 108 creatures vanquished

Notes
Turn   | Place    | Note
-------+----------+-------------------------------------------
     0 | D:1      | meatpath the Gargoyle Fighter began the quest for the Orb.
     0 | D:1      | Reached XP level 1. HP: 14/14 MP: 1/1
   279 | D:1      | Reached XP level 2. HP: 19/19 MP: 2/2
   601 | D:1      | Reached XP level 3. HP: 24/24 MP: 3/3
  1016 | D:2      | Found Wenis's Assorted Antiques.
  1231 | D:2      | Reached skill level 4 in Fighting
  1247 | D:2      | Reached XP level 4. HP: 29/29 MP: 4/4
  1319 | D:2      | Noticed Natasha
  1323 | D:2      | Killed Natasha
  1437 | D:2      | Noticed Natasha
  1446 | D:2      | Killed Natasha
  1539 | D:2      | Noticed Natasha
  1544 | D:2      | Killed Natasha
  1545 | D:2      | Reached XP level 5. HP: 25/34 MP: 5/5
  1777 | D:3      | Found a broken altar of Ashenzari.
  1866 | D:3      | Found a radiant altar of Vehumet.
  1999 | D:3      | Found a hide-covered altar of Uskayaw.
  2268 | D:3      | Found an ornate altar of the Wu Jian Council.
  2273 | D:3      | Noticed a spectral centipede
  2273 | D:3      | Noticed a spectral black mamba
  2273 | D:3      | Noticed a spectral cane toad
  2428 | D:3      | Noticed an ice beast
  2444 | D:3      | Killed an ice beast
  2445 | D:3      | Reached skill level 5 in Fighting
  2445 | D:3      | Reached skill level 5 in Shields
  2445 | D:3      | Reached XP level 6. HP: 40/40 MP: 6/6
  2852 | D:2      | Bought a glowing steel amulet for 115 gold pieces
  3088 | D:4      | Found a shimmering altar of Xom.
  3279 | D:4      | Found a sacrificial altar of Ru.
  3413 | D:4      | Found a large runed translucent door.
  3413 | D:4      | Found a large runed translucent door.
  3416 | D:4      | Found a large runed translucent door.
  3416 | D:4      | Found a large runed translucent door.
  3521 | D:4      | Noticed a black bear
  3536 | D:4      | Killed a black bear
  3537 | D:4      | Reached XP level 7. HP: 39/45 MP: 7/7
  3545 | D:4      | HP: 2/45 [acid (8)]
  3953 | D:4      | Found a white marble altar of Elyvilon.
  4239 | D:5      | Entered Level 5 of the Dungeon
  4283 | D:5      | Reached skill level 6 in Fighting
  4297 | D:5      | Reached skill level 5 in Maces & Flails
  4305 | D:5      | HP: 2/46 [jelly (3)]
  4305 | D:5      | Splashed by a jelly's acid

Illustrated notes

Levels and vault maps discovered:
D:1:      minmay_arrival_four_houses, layout_basic
D:2:      layout_rooms, serial_shops, nicolae_shop_window_shopping,
          minmay_diced_spiral, uniq_natasha
D:3:      layout_basic, pdpol_wu_jian_five_deadly_venoms,
          mainiacjoe_overflow_six_doors_small, lemuel_tele_altar,
          overflow_temple_1_default
D:4:      layout_basic, mainiacjoe_overflow_boulevard,
          mainiacjoe_overflow_24_doors, elyvilon_altar_1, serial_glass,
          glass_columns_a, glass_columns_b, minmay_hollow_rounded_squares
D:5:      layout_basic, kennysheep_little_box, serial_shops, shop

Skill      XL: |  1  2  3  4  5  6  7 |
---------------+----------------------+-----
Fighting       | 4 5 6 |  6.1
Shields        | 4 5 |  5.1
Maces & Flails | 3 4 5 |  5.1
Armour         | 4 |  4.7

Action                     |  1- 3 |  4- 6 |  7- 9 || total
---------------------------+-------+-------+-------++-------
  Melee: Flail             |   138 |   150 |    56 ||   344
    Use: Scroll            |     2 |     2 |     1 ||     5
         Potion            |       |     1 |     1 ||     2
 Armour: Scale mail        |    78 |    77 |    34 ||   189
  Dodge: Dodged            |    64 |    59 |    34 ||   157
  Block: Buckler           |    28 |    35 |    13 ||    76
